 Dungeon Crawl Stone Soup version 0.29-a0-509-g793eeb5391 (webtiles) character file.

Game seed: 15549393383506051948

11198 Lekart the Fighter (level 11, -1/104 HPs)
             Began as a Pale Draconian Chaos Knight on May 29, 2022.
             Was a Plaything of Xom.
             Slain by an eight-headed hydra (4 damage)
             ... on level 11 of the Dungeon.
             The game lasted 00:25:27 (11490 turns).

Lekart the Fighter (Pale Draconian Chaos Knight)   Turns: 11490, Time: 00:25:27

Health: -1/104     AC: 19    Str: 15    XL:     11   Next: 46%
Magic:  11/11      EV: 16    Int: 19    God:    Xom [......]
Gold:   469        SH:  8    Dex: 15    Spells: 10/10 levels left

rFire   . . .      SeeInvis +   P - +6 scimitar of the Sun {drain, rPois Int+7 SInv Stlth-}
rCold   . . .      Faith    .   K - +3 buckler {AC+3}
rNeg    . . .      Spirit   .   (body armour unavailable)
rPois   +          Reflect  .   (helmet restricted)
rElec   .          Harm     .   M - +2 cloak
rCorr   .          Rampage  .   h - +1 pair of gloves
Will    +....                   (no boots)
Stlth   ..........              E - amulet of regeneration
HPRegen 1.07/turn               y - +4 ring of protection
MPRegen 0.12/turn               p - ring of poison resistance

@: about to teleport
A: breathe steam, AC +7, unfitting armour, cold-blooded, steam resistance,
stinger 1, strong-willed 1, subdued magic 1
a: Breathe Steam, Renounce Religion


You were on level 11 of the Dungeon.
You worshipped Xom.
You were a very special plaything of Xom.
You visited 2 branches of the dungeon, and saw 13 of its levels.
You also visited: Ossuary and Bailey.

You collected 725 gold pieces.
You spent 256 gold pieces at shops.

Inventory:

Hand Weapons
 a - a +0 falchion of chaos
 P - the +6 scimitar of the Sun (weapon) {drain, rPois Int+7 SInv Stlth-}
   (You acquired it in a bailey)

   A truly terrible weapon, it drains the life of any living foe it strikes.
   Int:       It affects your intelligence (+7).
   rPois:     It protects you from poison.
   SInv:      It lets you see invisible.
   Stlth:     It makes you less stealthy.
Missiles
 v - 3 throwing nets
Armour
 h - a +1 pair of gloves (worn)
 K - a +3 buckler of protection (worn)
 M - a +2 cloak (worn)
Jewellery
 i - an amulet of the acrobat
 j - a ring of positive energy
 p - a ring of poison resistance (right hand)
 q - a ring of positive energy
 y - a +4 ring of protection (left hand)
 C - an amulet of faith
 E - an amulet of regeneration (around neck)
 O - an amulet of reflection
Wands
 g - a wand of polymorph (1)
 D - a wand of digging (8)
Scrolls
 c - a scroll of amnesia
 e - 2 scrolls of brand weapon
 m - a scroll of poison
 r - a scroll of magic mapping
 x - 2 scrolls of noise
 H - 6 scrolls of enchant weapon
 I - a scroll of fog
 J - a scroll of blinking
 N - a scroll of enchant armour
Potions
 d - 2 potions of berserk rage
 k - a potion of resistance
 l - a potion of magic
 n - 2 potions of brilliance
 o - 4 potions of curing
 s - 2 potions of lignification
 t - 2 potions of haste
 u - 3 potions of heal wounds
 z - a potion of invisibility
 A - 2 potions of might
 B - 2 potions of flight
 F - a potion of cancellation {unknown}
 G - 3 potions of attraction {unknown}
 L - 3 potions of mutation
Miscellaneous
 b - a piece from Xom's chessboard (15/15) (quivered)
 f - a phantom mirror (inert)
 Q - a box of beasts (inert)


   Skills:
 * Level 11.7 Fighting
 + Level 11.4 Long Blades
 + Level 8.8 Dodging
 + Level 4.3 Shields
 + Level 2.0 Evocations


You had 10 spell levels left.
You didn't know any spells.
Your spell library contained the following spells:

 Spells                   Type           Power      Damage    Failure   Level
 Freeze                   Ice            0%         1d3       22%         1
 Poisonous Vapours        Pois/Air       0%         N/A       32%         2
 Frozen Ramparts          Ice            0%         1d2       56%         3
 Gell's Gravitas          Tloc           0%         N/A       56%         3
 Lesser Beckoning         Tloc           0%         N/A       56%         3
 Teleport Other           Tloc           0%         N/A       56%         3
 Tukima's Dance           Hex            0%         N/A       56%         3
 Corpse Rot               Necr/Pois/Air  0%         N/A       93%         4
 Dispel Undead            Necr           0%         3d6       93%         4
 Hailstorm                Conj/Ice       0%         3d3       93%         4
 Passage of Golubria      Tloc           0%         N/A       93%         4
 Freezing Cloud           Conj/Ice/Air   0%         6-21      100%        5
 Yara's Violent Unravell  Hex/Tmut       0%         3d3       100%        5
 Death Channel            Necr           0%         N/A       100%        6
 Eringya's Noxious Bog    Tmut/Pois      0%         N/A       100%        6
 Malign Gateway           Summ/Tloc      0%         N/A       100%        7
 Summon Horrible Things   Summ           0%         N/A       100%        8


Dungeon Overview and Level Annotations

Branches:
Dungeon (12/15)            Temple (1/1) D:5            Lair (0/6) D:8
    Orc (0/2) D:11        Ossuary (visited)          Bailey (visited)

Altars:
Ashenzari
Cheibriados
Dithmenos
Elyvilon
Fedhas
Gozag
Hepliaklqana
Kikubaaqudgha
Makhleb
Nemelex Xobeh
Okawaru
Qazlal
Ru
Sif Muna
Trog
Uskayaw
Vehumet
Wu Jian
Xom
Yredelemnul
Zin
The Shining One

Shops:
D:1 (   D:7 *   D:9 :   D:12 *


Innate Abilities, Weirdness & Mutations

You can breathe blasts of scalding, opaque steam.
Your pale cyan-grey scales are hard. (AC +7)
You cannot fit into any form of body armour.
You are cold-blooded and may be slowed by cold attacks.
You are immune to the effects of steam.
Your tail ends in a venomous barb.
You are strong-willed. (Will+)
Your spells are a little easier to cast, but a little less powerful.


Message History

The seven-headed hydra misses you. You block the crimson imp's attack.
The crimson imp closely misses you.
Okay, then.
As you read the scroll of fear, it crumbles to dust.
You assume a fearsome visage.
The komodo dragon looks frightened!
The seven-headed hydra looks frightened!
The quasit looks frightened!
The crimson imp looks frightened!
The crimson imp blinks!
You slice one of the seven-headed hydra's heads off!
The six-headed hydra grows two more!
You hit the eight-headed hydra.
Your attack snaps the eight-headed hydra out of its fear.
You tail-slap the eight-headed hydra.
The eight-headed hydra is lightly wounded.
The eight-headed hydra bites you!
* * * LOW HITPOINT WARNING * * *
You block the eight-headed hydra's attack.
The eight-headed hydra closely misses you.
The eight-headed hydra bites you but does no damage.
The eight-headed hydra barely misses you.
The eight-headed hydra completely misses you.
The eight-headed hydra closely misses you.
You block the eight-headed hydra's attack.
The crimson imp blinks!
As you read the scroll of teleportation, it crumbles to dust.
You feel strangely unstable.
You block the eight-headed hydra's attack.
The eight-headed hydra bites you!
* * * LOW HITPOINT WARNING * * *
The eight-headed hydra bites you.
* * * LOW HITPOINT WARNING * * *
The eight-headed hydra completely misses you.
The eight-headed hydra closely misses you.
The eight-headed hydra bites you but does no damage. x2
The eight-headed hydra bites you.
* * * LOW HITPOINT WARNING * * *
The eight-headed hydra attacks as you move away!
The eight-headed hydra closely misses you. x4
The eight-headed hydra bites you.
You die...
Xom titters!

,,,*,**,*#.#####5#####.######**
****,,,,,.......l..D..........*
* *,,*,**.#####.#####.######.*
**,*,**,* #.# #.# *,* * *,,,**,*
#.# #.#*****,*
******,,*#.#####.#####..,,,,*,*
,,,*,,,,,.5.)§......####***,*,*
,8,+,*,,*#.#####D......# *,*,*
,,,****,**,* #@##.##.# *,*,*
**** *,,*,* #.#*.#*,* *,*,*
*,*****,,*,****#.#*,#*,* *,*,*
,,,,⌠,,,,,,,,,,...,,**,****,*,*
*,*******,,****###****,,,,,,*,*
,,,,,,,,,,>,,,,,,,,,,,,******,*
,,**,,***,************,* *,*
,,,,,,,,,,,,,,,,,,,,,,,* *,*
,*≈**,,,,,*******************,**


You could see an eight-headed hydra and a komodo dragon (fleeing, drained).

Vanquished Creatures
  An orc warlord (Bailey)
  A two-headed ogre (D:12)
  An orc knight (Bailey)
  A moth of wrath (Bailey)
  A gargoyle (D:12)
  A queen bee (shapeshifter) (D:8)
  A polar bear (D:8)
  A blink frog (D:12)
  3 slime creatures (D:12)
  Sigmund (D:3)
  A wyvern (D:9)
  A culicivora (shapeshifter) (D:9)
  2 wraiths (D:12)
  10 yaks
  A steam dragon (D:9)
  2 acid dragons
  4 water moccasins
  3 orc warriors
  2 black bears
  An ice beast (D:7)
  A sky beast (D:8)
  An ogre (D:5)
  3 centaurs
  A phantom (D:5)
  A kobold brigand (D:8)
  4 bullfrogs
  A gnoll sergeant (D:7)
  3 necrophages
  7 scorpions
  5 wights (D:6)
  6 howler monkeys
  4 centaur zombies (Ossuary)
  3 jellies
  An orc priest (D:5)
  3 iguanas
  Jessica (D:2)
  Natasha (twice) (D:3)
  5 orc wizards
  6 scorpion zombies (Ossuary)
  3 mummies (Ossuary)
  14 gnolls
  6 adders
  2 shadow imps
  A white imp (D:7)
  An ufetubus (D:5)
  A worm (Bailey)
  6 dart slugs
  25 orcs
  4 endoplasms
  4 giant cockroaches
  24 goblins
  11 hobgoblins
  10 jackals
  4 quokkas
  4 ball pythons
  8 bats
  3 frilled lizards
  A goblin zombie (Ossuary)
  3 hobgoblin zombies (Ossuary)
  7 kobolds
  4 orc zombies (Ossuary)
  A quokka zombie (D:5)
  4 rats
  A rat zombie (D:5)
249 creatures vanquished.

Vanquished Creatures (collateral kills)
  An orc knight (Bailey)
  A komodo dragon (D:12)
  A scorpion (Ossuary)
  A wight (D:6)
  2 killer bees (D:7)
  A scorpion zombie (Ossuary)
  An orc zombie (Ossuary)
8 creatures vanquished.

Vanquished Creatures (others)
  A komodo dragon (D:9)
  A kobold zombie (Ossuary)
2 creatures vanquished.

Grand Total: 259 creatures vanquished

Notes
Turn   | Place    | Note
-------+----------+-------------------------------------------
     0 | D:1      | Lekart the Draconian Chaos Knight began the quest for the
                  | Orb.
     0 | D:1      | Reached XP level 1. HP: 19/19 MP: 1/1
    99 | D:1      | Found a faded altar of an unknown god.
   159 | D:1      | XOM: smoke on damage
   294 | D:1      | Reached XP level 2. HP: 27/27 MP: 2/2
   554 | D:1      | Got the Disquisition on Transmutation and Cold
   733 | D:1      | Found Vichaak's Weapon Emporium.
   845 | D:1      | XOM: cloud trail
  1322 | D:2      | Reached XP level 3. HP: 9/33 MP: 3/3
  1367 | D:2      | XOM: give mutation
  1367 | D:2      | Gained mutation: You have a pair of small horns on your
                  | head. [Xom's grace]
  1475 | D:2      | Noticed Jessica
  1483 | D:2      | Killed Jessica
  1625 | D:2      | Reached XP level 4. HP: 41/41 MP: 4/4
  1987 | D:3      | XOM: snakes to sticks
  2181 | D:3      | Noticed Sigmund
  2183 | D:3      | XOM: cleaving
  2190 | D:3      | Killed Sigmund
  2191 | D:3      | Reached skill level 5 in Fighting
  2191 | D:3      | Reached XP level 5. HP: 17/48 MP: 5/5
  2191 | D:3      | XOM: divination: detect creatures
  2219 | D:3      | XOM: scenery: summon butterflies
  2447 | D:3      | XOM: god gift: murky ruby potion {god gift}
  2459 | D:3      | Noticed Natasha
  2474 | D:3      | Killed Natasha
  2475 | D:3      | Reached skill level 5 in Long Blades
  2475 | D:3      | Reached XP level 6. HP: 39/56 MP: 6/6
  2794 | D:3      | Noticed Natasha
  2798 | D:3      | Killed Natasha
  2799 | D:3      | XOM: 2-stop teleportation journey
  3096 | D:4      | XOM: confusion
  3106 | D:4      | XOM: give mutations
  3106 | D:4      | Gained mutation: You are clumsy. (Dex -2) [Xom's mischief]
  3106 | D:4      | Gained mutation: You passively dampen the noise of your
                  | surroundings. [Xom's mischief]
  3106 | D:4      | Lost mutation: You are clumsy. (Dex -2) [Xom's mischief]
  3106 | D:4      | Gained mutation: Your tail ends in a venomous barb. [Xom's
                  | mischief]
  3460 | D:4      | XOM: stat loss: -1 Int (11/12)
  3515 | D:4      | XOM: give mutation
  3515 | D:4      | Gained mutation: You occasionally shout uncontrollably at
                  | your foes. [Xom's mischief]
  3677 | D:4      | XOM: give mutations
  3677 | D:4      | Gained mutation: You are strong-willed. (Will+) [Xom's
                  | mischief]
  3677 | D:4      | Gained mutation: You sometimes lose the ability to read
                  | scrolls when taking damage. [Xom's mischief]
  3885 | D:5      | Entered Level 5 of the Dungeon
  3900 | D:5      | Your scales start taking on a pale cyan-grey colour.
  3900 | D:5      | Reached XP level 7. HP: 62/62 MP: 7/7
  3900 | D:5      | Gained mutation: You are immune to the effects of steam.
                  | [Pale Draconian growth]
  3930 | D:5      | Found an ornate altar of the Wu Jian Council.
  3942 | D:5      | Found a blossoming altar of Fedhas.
  3974 | D:5      | Found a sand-covered staircase.
  3982 | Ossuary  | Entered an ossuary
  4158 | Ossuary  | XOM: noise
  4188 | Ossuary  | Lost mutation: You occasionally shout uncontrollably at
                  | your foes. [potion of mutation]
  4188 | Ossuary  | Lost mutation: You sometimes lose the ability to read
                  | scrolls when taking damage. [potion of mutation]
  4188 | Ossuary  | Lost mutation: You have a pair of small horns on your head.
                  | [potion of mutation]
  4188 | Ossuary  | Gained mutation: Your mind is acute. (Int +2) [potion of
                  | mutation]
  4297 | Ossuary  | XOM: cast spell 'Summon Mana Viper'
  4443 | Ossuary  | XOM: god gift: 21 stones
  4587 | Ossuary  | XOM: god gift: phantom mirror
  4659 | Ossuary  | Reached XP level 8. HP: 70/71 MP: 8/8
  4683 | Ossuary  | XOM: destruction
  4685 | Ossuary  | XOM: confuse monster(s)
  4688 | Ossuary  | XOM: blink monster(s)
  5321 | D:5      | XOM: give mutations
  5321 | D:5      | Gained mutation: You are weak. (Str -2) [Xom's mischief]
  5321 | D:5      | Gained mutation: Your large and strong wings let you fly.
                  | [Xom's mischief]
  5385 | D:5      | XOM: give mutation
  5385 | D:5      | Gained mutation: You occasionally shout uncontrollably at
                  | your foes. [Xom's mischief]
  5536 | D:5      | Identified the +5 trident of Perversion {speed, Fly rF+}
  5784 | D:5      | Found a staircase to the Ecumenical Temple.
  5852 | D:5      | XOM: fake destruction
  6110 | Temple   | Entered the Ecumenical Temple
  6340 | D:6      | Reached skill level 5 in Dodging
  6448 | D:6      | XOM: summons 1 hostile demon
  6829 | D:6      | XOM: give mutations
  6829 | D:6      | Lost mutation: You occasionally shout uncontrollably at
                  | your foes. [Xom's mischief]
  6829 | D:6      | Lost mutation: You passively dampen the noise of your
                  | surroundings. [Xom's mischief]
  7054 | D:6      | XOM: summons 5 friendly demons
  7065 | D:6      | Reached XP level 9. HP: 30/76 MP: 9/9
  7285 | D:6      | XOM: 2-stop teleportation journey
  7697 | D:6      | XOM: silly message
  8291 | D:7      | XOM: summons friendly shadow imp
  8394 | D:7      | XOM: summons friendly shadow imp
  8403 | D:7      | XOM: polymorph killer bee -> bullfrog
  8460 | D:7      | Found a glowing golden altar of the Shining One.
  8503 | D:7      | XOM: summons 5 hostile demons
  8504 | D:7      | Noticed an ice devil
  8504 | D:7      | Noticed a red devil
  8666 | D:7      | Found Noomurhe's Overcharged Wands.
  8766 | D:7      | XOM: summons 5 hostile demons
  8888 | D:7      | XOM: repel stairs
  9067 | D:8      | XOM: blink monster(s)
  9121 | D:8      | XOM: swap monsters
  9124 | D:8      | XOM: enchant monster (bad)
  9125 | D:8      | Reached skill level 1 in Evocations
  9140 | D:8      | XOM: fog
  9144 | D:8      | Reached XP level 10. HP: 65/93 MP: 10/10
  9159 | D:8      | Reached skill level 10 in Fighting
  9224 | D:8      | XOM: 1-stop teleportation journey
  9236 | D:8      | Found a staircase to the Lair.
  9349 | D:8      | Reached skill level 10 in Long Blades
  9395 | D:8      | Found a broken altar of Ashenzari.
  9433 | D:8      | Found a glowing silver altar of Zin.
  9493 | D:8      | XOM: god gift: 25 gold pieces
  9710 | D:8      | Found a sparkling altar of Nemelex Xobeh.
  9924 | D:8      | XOM: divination: detect creatures
  9944 | D:8      | XOM: summons friendly shadow imp
  9951 | D:8      | Reached skill level 1 in Shields
 10035 | D:9      | Lost mutation: Your large and strong wings let you fly.
                  | [potion of mutation]
 10035 | D:9      | Lost mutation: Your mind is acute. (Int +2) [potion of
                  | mutation]
 10035 | D:9      | Lost mutation: You are weak. (Str -2) [potion of mutation]
 10035 | D:9      | Gained mutation: Your spells are a little easier to cast,
                  | but a little less powerful. [potion of mutation]
 10257 | D:9      | XOM: god gift: whip {god gift}
 10360 | D:9      | XOM: potion effect (curing)
 10364 | D:9      | XOM: divine lightning
 10477 | D:9      | Found Gulas's Book Shop.
 10515 | D:10     | Entered Level 10 of the Dungeon
 10530 | D:10     | Found a flagged portal.
 10541 | Bailey   | Entered a bailey
 10576 | Bailey   | Noticed an orc knight
 10598 | Bailey   | Killed an orc knight
 10631 | Bailey   | Noticed an orc knight
 10633 | Bailey   | Noticed a moth of wrath
 10633 | Bailey   | an orc knight changed into a moth of wrath
 10633 | Bailey   | XOM: polymorph orc knight -> moth of wrath
 10646 | Bailey   | XOM: chaos cloud
 10649 | Bailey   | Killed a moth of wrath
 10671 | Bailey   | Noticed an orc knight
 10678 | Bailey   | Killed an orc knight
 10890 | Bailey   | Noticed an orc warlord
 10907 | Bailey   | Reached XP level 11. HP: 95/102 MP: 11/11
 10909 | Bailey   | XOM: confuse monster(s)
 10914 | Bailey   | XOM: fog
 10925 | Bailey   | XOM: fake destruction
 10930 | Bailey   | Killed an orc warlord
 10949 | Bailey   | XOM: confusion
 11068 | Bailey   | Acquired the +6 scimitar of the Sun {drain, rPois Int+7
                  | SInv Stlth-}
 11204 | D:10     | You fall into a shaft and drop 2 floors!
 11211 | D:12     | Found Fin Jais's Assorted Antiques.
 11219 | D:12     | Bought a wand of digging (2) for 256 gold pieces
 11220 | D:12     | XOM: enchant monster (bad)
 11234 | D:12     | XOM: summons 4 hostile demons
 11285 | D:12     | Noticed a two-headed ogre
 11302 | D:12     | Killed a two-headed ogre
 11305 | D:12     | XOM: polymorph yak -> blink frog
 11329 | D:12     | Noticed a five-headed hydra
 11332 | D:12     | XOM: 1-stop teleportation journey
 11398 | D:12     | XOM: swap monsters
 11459 | D:11     | Noticed a six-headed hydra
 11473 | D:11     | XOM: summons 2 hostile demons
 11475 | D:11     | XOM: confusion
 11489 | D:11     | HP: 3/104 [eight-headed hydra (5)]
 11490 | D:11     | Slain by an eight-headed hydra

Illustrated notes

Levels and vault maps discovered:
D:1:      dpeg_arrival_arbitrary_c, layout_loops_ring,
          chequers_ecumenical_altar_grove, serial_shops, nicolae_square_shop,
          grunt_decor_arrowhead
D:2:      layout_basic, serial_glass, glass_columns_a, glass_columns_b,
          glass_columns_b, glass_columns_a, glass_columns_a, glass_columns_a,
          minmay_small_reverse_x, uniq_jessica
D:3:      layout_basic, due_unseen_surprise, uniq_sigmund, uniq_natasha
D:4:      minmay_angry_zag, layout_basic, chequers_serial_rivers_small_3
D:5:      layout_cave_pods, fedhas_altar_1, nzn_wu_jian_contemplation,
          minmay_temple_entry_statues, enter_ossuary_4, dk_noncrumbling_2
D:6:      layout_layer_cave, minmay_crystal_room, nicolae_benzene_ring
D:7:      layout_basic, lemuel_doored_altar, hex_medium,
          nicolae_shop_overcharged_wands
D:8:      layout_loops_cross, mainiacjoe_overflow_small_starburst,
          kennysheep_mini, mainiacjoe_overflow_surrounded_room,
          dpeg_oklobed_lair
D:9:      layout_roguey, serial_shops, shop
D:10:     lemuel_bear_cage, layout_irregular_city, ebering_ghost_xom,
          enter_bailey_3, uniq_erolcha
D:11:     layout_basic, hiddenorc2_lemuel, gauntlet_entry_generic, minivault_4,
          lemuel_nasty_fountain
D:12:     layout_rooms, serial_glass, glass_columns_b, glass_columns_c,
          glass_columns_a, glass_columns_b, serial_shops, shop,
          chequers_serial_rivers_room_b, nicolae_elevator_lobby_asterisk
Temple:   eino_temple_scatter_basement

Skill      XL: |  1  2  3  4  5  6  7  8  9 10 11 |
---------------+----------------------------------+-----
Fighting       | 4 5 6 8 9 11 | 11.7
Long Blades    | 4 5 6 8 9 10 11 | 11.4
Dodging        | 3 4 5 6 8 |  8.8
Evocations     | 1 2 |  2.0
Shields        | 3 4 |  4.3

Action                   |  1- 3 |  4- 6 |  7- 9 | 10-12 || total
-------------------------+-------+-------+-------+-------++-------
Melee: Falchion          |    78 |   127 |   422 |   305 ||   932
       Tailslap          |    11 |    11 |    70 |    60 ||   152
       Punch             |     1 |     2 |     4 |       ||     7
       Headbutt          |       |    23 |     1 |       ||    24
       Scimitar          |       |       |       |    73 ||    73
 Abil: Breathe Steam     |       |       |     9 |    14 ||    23
Evoke: Piece from Xom's  |     2 |       |       |     2 ||     4
       Wand              |       |       |     7 |     7 ||    14
       Phantom mirror    |       |       |       |     1 ||     1
       Box of beasts     |       |       |       |     1 ||     1
  Use: Scroll            |     3 |     9 |     9 |    11 ||    32
       Potion            |       |     4 |     3 |     3 ||    10
 Stab: Sleeping          |     1 |     3 |       |     1 ||     5
       Paralysed         |     1 |       |     1 |       ||     2
       Petrified         |       |       |     2 |       ||     2
       Distracted        |       |       |     1 |       ||     1
       Confused          |       |       |       |     8 ||     8
Armor: Skin              |    27 |    37 |   206 |   138 ||   408
Dodge: Dodged            |    57 |    80 |   400 |   289 ||   826
Block: Buckler           |       |       |    13 |   159 ||   172

Table legend: (Time is in decaauts)
 A = Elapsed time spent in this place.
 B = Non-inter-level travel time spent in this place.
 C = Inter-level travel time spent in this place.
 D = Time resting spent in this place.
 E = Time spent auto-exploring this place.
 F = Levels seen in this place.
 G = Mean time per level.
                   A        B        C        D        E       F      G
               +--------+--------+--------+--------+--------+-----+--------+
         Total |  11412 |  10975 |    437 |   1894 |   6551 |  15 |  760.8 |
       Dungeon |   9489 |   9070 |    419 |   1058 |   6153 |  12 |  790.8 |
        Temple |    147 |    129 |     18 |      0 |    115 |   1 |  147.0 |
       Ossuary |   1170 |   1170 |      0 |    665 |    194 |   1 | 1170.0 |
        Bailey |    604 |    604 |      0 |    171 |     89 |   1 |  604.0 |
               +--------+--------+--------+--------+--------+-----+--------+

Top non-repeatable levels by time:
     D:6: 2005 daAuts
 Ossuary: 1170 daAuts
     D:1: 1168 daAuts
     D:5: 1057 daAuts
     D:3: 1030 daAuts
     D:4: 1019 daAuts
     D:8: 944 daAuts
     D:7: 751 daAuts
     D:2: 694 daAuts
  Bailey: 604 daAuts
     D:9: 486 daAuts
    D:12: 235 daAuts
  Temple: 147 daAuts
    D:10: 50 daAuts
    D:11: 44 daAuts
